 Dungeon Crawl Stone Soup version 0.28-a0-1033-g1a2f33fa85 (webtiles) character file.

Game seed: 11019313196692579356

29230 miscthings the Jinx (level 13, -2/90 HPs)
             Began as a Vampire Enchanter on Dec 8, 2021.
             Was a Believer of Ashenzari.
             Slain by an entropy weaver (10 damage)
             ... in a Gauntlet.
             The game lasted 00:42:04 (11989 turns).

miscthings the Jinx (Vampire Enchanter)            Turns: 11989, Time: 00:42:05

Health: -2/90      AC:  0    Str:  5    XL:     13   Next: 14%
Magic:  14/26      EV: 38    Int: 20    God:    Ashenzari [**....]
Gold:   1065       SH:  0    Dex: 17    Spells: 8/31 levels left

rFire   + + .      SeeInvis +   Q - +2 dagger "Sybil of Ashenzari" {venom, Evo, Self} (curse)
rCold   + + +      Faith    .   (no shield)
rNeg    + + +      Spirit   .   N - +2 robe {rC+}
rPois   ∞          Reflect  .   (helmet restricted)
rElec   .          Harm     .   d - +1 cloak of Starlight {*Dazzle EV+4 Stlth--}
rCorr   .          Rampage  .   a - +0 pair of gloves of Desmomancy {Melee, Cun} (curse)
Will    ++...      NoTele   +   u - +0 pair of boots of Supernal Understanding {Self, Cun} (curse)
Stlth   +++++.....              t - amulet "Restrained With Me" {Acrobat, Cun, Comp} (curse)
HPRegen 0.00/turn               z - ring "Inalaarghu" {Fly rF+ Will+ Stlth-}
MPRegen 0.20/turn               T - ring "Homn" {rPois rF+ Slay+4}

@: corroded, acrobatic, flying, bloodless, inhibited regen, studying Crossbows
A: bloodless, fangs 3, see invisible, vampiric 2, horns 1, robust 1, weak 1
a: Bat Form, Revivify, Renounce Religion, Curse Item, Shatter the Chains


You were in a Gauntlet.
You worshipped Ashenzari.
Ashenzari was pleased with you.
You visited 2 branches of the dungeon, and saw 13 of its levels.
You also visited: Sewer, Bailey and Gauntlet.

You collected 1115 gold pieces.
You spent 50 gold pieces at shops.

Inventory:

Hand Weapons
 g - a +0 vampiric dagger
 G - the +9 trident of Greatest Utility {drain, rC+ Will- Int+4}
   (You found it on level 5 of the Dungeon)

   A truly terrible weapon, it drains the life of any living foe it strikes.
   Int:       It affects your intelligence (+4).
   rC:        It protects you from cold.
   Will:      It decreases your willpower.
 Q - the cursed +2 dagger "Sybil of Ashenzari" (weapon) {venom, Evo, Self}
   (You took it off an orc wizard on level 10 of the Dungeon)

   It poisons the flesh of those it strikes.
   It has a curse which improves the following skills: Evocations: Evocations.
   Introspection: Fighting and Spellcasting.
Missiles
 b - 3 curare-tipped darts (quivered)
Armour
 a - the cursed +0 pair of gloves of Desmomancy (worn) {Melee, Cun}
   (You found it on level 8 of the Dungeon)

   It has a curse which improves the following skills: Melee Combat: Short
   Blades, Long Blades, Axes, Maces & Flails, Polearms, Staves and Unarmed
   Combat.
   Cunning:   Dodging and Stealth.
 d - the +1 cloak of Starlight (worn) {*Dazzle EV+4 Stlth--}
   (You found it in a bailey)

   It may blind those who miss an attack against the wearer in melee combat.
   EV:        It affects your evasion (+4).
   Stlth:     It makes you much less stealthy.
 s - a scarf of repulsion
 u - the cursed +0 pair of boots of Supernal Understanding (worn) {Self, Cun}
   (You found it on level 4 of the Dungeon)

   It has a curse which improves the following skills: Introspection: Fighting
   and Spellcasting.
   Cunning:   Dodging and Stealth.
 C - a +1 helmet
 F - a scarf of repulsion
 M - a +1 scale mail of fire resistance
 N - a +2 robe of cold resistance (worn)
Magical Staves
 S - a staff of fire
Jewellery
 m - a ring of poison resistance
 t - the cursed amulet "Restrained With Me" (around neck) {Acrobat, Cun, Comp}
   (You found it on level 4 of the Dungeon)

   [amulet of the acrobat]

   It increases your evasion while moving and waiting.
   It has a curse which improves the following skills: Cunning: Dodging and
   Stealth.
   Companions: Summonings and Necromancy.
 z - the ring "Inalaarghu" (left hand) {Fly rF+ Will+ Stlth-}
   (You acquired it on level 11 of the Dungeon)

   [ring of willpower]

   rF:        It protects you from fire.
   Fly:       It grants you flight.
   Will:      It increases your willpower.
   Stlth:     It makes you less stealthy.
 B - a ring of wizardry
 I - a +4 ring of evasion
 P - a ring of positive energy
 T - the ring "Homn" (right hand) {rPois rF+ Slay+4}
   (You found it in a Gauntlet)

   [ring of slaying]

   Slay:      It affects your accuracy & damage with ranged weapons and melee
   (+4).
   rF:        It protects you from fire.
   rPois:     It protects you from poison.
Wands
 f - a wand of flame (20)
 K - a wand of polymorph (6)
 V - a wand of iceblast (1)
Scrolls
 e - 2 scrolls of blinking
 i - a scroll of vulnerability
 n - a scroll of enchant weapon
 p - 2 scrolls of magic mapping
 v - a scroll of silence
 w - a scroll of brand weapon
 x - 2 scrolls of summoning
 y - a scroll of enchant armour
 D - 2 scrolls of teleportation
 E - 2 scrolls of immolation
 R - a scroll of torment
Potions
 c - a potion of invisibility
 h - 7 potions of curing
 j - 4 potions of flight
 k - 2 potions of heal wounds
 l - 2 potions of haste
 o - 2 potions of mutation
 q - a potion of lignification
 r - 4 potions of magic
 A - 2 potions of ambrosia
 H - a potion of brilliance
 J - 2 potions of degeneration
 L - 2 potions of might
Miscellaneous
 O - a phial of floods (inert)


   Skills:
 + Level 6.5(8.9) Fighting
 - Level 12.0(13.3) Short Blades
 - Level 4.3 Armour
 + Level 8.3(11.4) Dodging
 + Level 12.0(15.0) Stealth
 + Level 7.3(9.7) Spellcasting
 + Level 13.8 Hexes
 + Level 6.6(8.1) Evocations


You had 8 spell levels left.
You knew the following spells:

 Your Spells              Type           Power      Damage    Failure   Level
a - Ensorcelled Hibernat  Hex/Ice        74%        N/A       1%          2
b - Cause Fear            Hex            30%        N/A       1%          4
c - Tukima's Dance        Hex            60%        N/A       1%          3
d - Swiftness             Air            9%         N/A       22%         3
e - Confusing Touch       Hex            60%        N/A       1%          3
f - Discord               Hex            30%        N/A       86%         8

Your spell library contained the following spells:

 Spells                   Type           Power      Damage    Failure   Level
 Slow                     Hex            100%       N/A       1%          1
 Dazzling Flash           Conj/Hex       74%        N/A       1%          3
 Inner Flame              Hex/Fire       37%        N/A       1%          3
 Portal Projectile        Hex/Tloc       74%        N/A       1%          3
 Passwall                 Tmut/Erth      7%         N/A       11%         2
 Silence                  Hex/Air        18%        N/A       12%         5
 Agony                    Necr           10%        N/A       88%         5
 Excruciating Wounds      Necr           5%         N/A       88%         5
 Blade Hands              Tmut           4%         N/A       89%         5


Dungeon Overview and Level Annotations

Branches:
Dungeon (12/15)            Temple (1/1) D:7            Lair (0/6) D:8
    Orc (0/2) D:9           Sewer (visited)          Bailey (visited)
Gauntlet (1/1)

Altars:
Ashenzari
Cheibriados
Dithmenos
Elyvilon
Fedhas
Gozag
Hepliaklqana
Kikubaaqudgha
Makhleb
Nemelex Xobeh
Okawaru
Qazlal
Ru
Sif Muna
Trog
Uskayaw
Vehumet
Wu Jian
Xom
Yredelemnul
Zin
The Shining One

Shops:
D:2 !   D:11 (

Annotations:
D:5 3 runed translucent doors, sirJeffrey23's ghost, novice DsGl Gauntlet 12 transporters, 17 runed translucent doors, exclusions: ice statue and 2 obsidian statues


Innate Abilities, Weirdness & Mutations

You do not regenerate when monsters are visible.
You are frail without blood (-20% HP).
You can heal yourself when you bite living creatures.
You are immune to poison.
You have razor-sharp teeth.
You have supernaturally acute eyesight. (SInv)
You are afflicted with vampirism and can become a bat while bloodless.
You have a pair of small horns on your head.
You are robust. (+10% HP)
You are weak. (Str -2)


Message History

The redback looks drowsy...
The redback bites you but does no damage.
The entropy weaver gestures at you while chanting.
The entropic weave corrodes you! The redback barely misses you.
The helpless redback fails to defend itself.
You stick the redback like a pincushion!!!!!
You kill the redback!
The entropy weaver gestures at you while chanting.
The entropic weave corrodes you! The redback closely misses you.
Your base Stealth skill increases to level 12!
Casting: Ensorcelled Hibernation (safe; 1% risk of failure)
Confirm with . or Enter, or press ? or * to list all spells.
Aiming: Ensorcelled Hibernation (safe; 1% risk of failure)
Press: ? - help, Shift-Dir - straight line, f - redback
Aim: a redback (chance to affect: 65%)
The redback looks drowsy...
The helpless redback fails to defend itself.
You spit the redback like a pig!!!!
You kill the redback!
Casting: Ensorcelled Hibernation (safe; 1% risk of failure)
Confirm with . or Enter, or press ? or * to list all spells.
Aiming: Ensorcelled Hibernation (safe; 1% risk of failure)
Press: ? - help, Shift-Dir - straight line, f - entropy weaver
Aim: an entropy weaver (chance to affect: 30%)
The entropy weaver easily resists.
The entropy weaver hits you. The entropy weaver barely misses you.
The entropy weaver closely misses you. The entropy weaver hits you!
Casting: Ensorcelled Hibernation (safe; 1% risk of failure)
Confirm with . or Enter, or press ? or * to list all spells.
Aiming: Ensorcelled Hibernation (safe; 1% risk of failure)
Press: ? - help, Shift-Dir - straight line, f/p - entropy weaver
Aim: an entropy weaver (chance to affect: 30%)
The entropy weaver easily resists.
The entropy weaver hits you.
* * * LOW HITPOINT WARNING * * *
The entropy weaver hits you!
* * * LOW HITPOINT WARNING * * *
The entropy weaver misses you. The entropy weaver hits you!
* * * LOW HITPOINT WARNING * * *
The entropy weaver hits you!
You die...

........©#§§8≈≈#.#..............#
################.#############...
≈≈≈#©...........©...........©#...
#################################
.........#.#....#....#.#|.##....^
.###...#.#.#...#.#...#.#[##.###^.
...###...#.#..#.©.#..#.#$#.##.##.
.#...###.#.#.#†.#..#^#.#8#.#.#.#.
.###©..#.#.##..#@#..##.#.#.#©#.#.
...###...#.#..#B^.#..#.#.#.#.#.#.
.#...#.#.#.#^#..#..#^#.#.##.##.#.
.###8..#.#.##..#.#..##.#.^###.##.
...:©[?..#.#.$#.©.#[}#.#^....##©#
##########.###########.##########
.................................
.................................
#################################


You could see an entropy weaver.

Vanquished Creatures
  2 hydras
  Erica (D:8)
  2 two-headed ogres (D:11)
  Nergalle (D:10)
  An orc knight (Bailey)
  A deep elf pyromancer (D:12)
  2 cyclopes
  An ugly thing (D:11)
  2 manticores
  A wolf spider (Gauntlet)
  Joseph (D:9)
  2 rime drakes (Gauntlet)
  An unseen horror (D:11)
  11 kobold demonologists
  2 komodo dragons
  3 yaktaurs (D:10)
  An ice devil (Gauntlet)
  2 trolls
  Grinder (D:3)
  9 slime creatures (D:12)
  2 redbacks (Gauntlet)
  A wraith (D:12)
  8 yaks (D:9)
  2 shadows
  A vampire mosquito (D:11)
  3 steam dragons
  Grum (D:10)
  An acid dragon (D:11)
  A water moccasin (D:5)
  A black bear (D:7)
  2 hornet zombies
  4 orc warriors
  A sky beast (D:5)
  A necrophage (D:8)
  3 wolves (D:10)
  4 centaurs
  4 ogres
  4 kobold brigands
  A bullfrog (D:6)
  3 scorpions
  A water moccasin skeleton (D:5)
  A killer bee (D:9)
  5 electric eels (D:11)
  2 howler monkeys
  A centaur zombie (D:10)
  2 bullfrog zombies (D:5)
  3 hounds (D:5)
  5 orc priests
  3 jellies
  2 iguanas (D:6)
  11 orc wizards
  A hound zombie (D:5)
  A hound skeleton (D:8)
  7 adders
  3 river rats
  A shadow imp (D:7)
  4 white imps
  4 dart slugs
  29 orcs
  15 ball pythons
  6 bats
  6 endoplasms
  5 giant cockroaches
  8 goblins
  3 hobgoblins (D:1)
  4 jackals
  9 quokkas
  12 frilled lizards
  30 kobolds
  8 rats
287 creatures vanquished.

Vanquished Creatures (collateral kills)
  An orc warrior (Bailey)
  12 orcs
13 creatures vanquished.

Vanquished Creatures (others)
  4 dancing weapons (Bailey)
  5 fungi
  12 plants (Gauntlet)
21 creatures vanquished.

Grand Total: 321 creatures vanquished

Notes
Turn   | Place    | Note
-------+----------+-------------------------------------------
     0 | D:1      | miscthings the Vampire Enchanter began the quest for the
                  | Orb.
     0 | D:1      | Reached XP level 1. HP: 13/13 MP: 3/3
   289 | D:1      | Reached skill level 5 in Hexes
   340 | D:1      | Reached XP level 2. HP: 11/19 MP: 5/5
   350 | D:1      | Learned a level 2 spell: Ensorcelled Hibernation
   727 | D:1      | Reached skill level 6 in Hexes
   922 | D:2      | Gained mutation: You are afflicted with vampirism and can
                  | become a bat while bloodless. [Vampire growth]
   922 | D:2      | Reached XP level 3. HP: 24/24 MP: 3/6
  1456 | D:2      | Found a faded altar of an unknown god.
  1463 | D:2      | Got Plato's Collected Works on Curses
  1633 | D:2      | Reached XP level 4. HP: 24/24 MP: 7/7
  1681 | D:2      | Found Soukhed's Distillery.
  1845 | D:2      | Bought a potion of heal wounds for 50 gold pieces
  1870 | D:3      | Noticed Grinder
  1951 | D:2      | Learned a level 3 spell: Confusing Touch
  1955 | D:2      | Learned a level 3 spell: Tukima's Dance
  2081 | D:3      | Reached skill level 7 in Hexes
  2149 | D:3      | Paralysed by Grinder for 3 turns
  2157 | D:3      | Paralysed by Grinder for 5 turns
  2604 | D:3      | Killed Grinder
  2605 | D:3      | Reached skill level 9 in Hexes
  2605 | D:3      | Reached XP level 5. HP: 24/24 MP: 7/9
  2605 | D:3      | Reached XP level 6. HP: 28/28 MP: 7/10
  2750 | D:4      | Found a glowing drain.
  2822 | Sewer    | Entered a sewer
  3416 | D:4      | Reached XP level 7. HP: 32/36 MP: 6/11
  3631 | D:5      | Entered Level 5 of the Dungeon
  3636 | D:5      | Reached skill level 5 in Short Blades
  3951 | D:5      | Found a runed translucent gate.
  3951 | D:5      | Found a runed translucent gate.
  3951 | D:5      | Found a runed translucent gate.
  3951 | D:5      | Noticed sirJeffrey23's ghost (novice DsGl)
  3953 | D:5      | Found a basalt altar of Yredelemnul.
  3959 | D:5      | Reached XP level 8. HP: 41/41 MP: 12/12
  3964 | D:5      | Identified the +9 trident of Greatest Utility {drain, rC+
                  | Will- Int+4}
  4823 | D:5      | Reached skill level 10 in Short Blades
  5119 | D:6      | Learned a level 4 spell: Cause Fear
  5148 | D:6      | Reached XP level 9. HP: 57/57 MP: 7/13
  5329 | D:7      | Found a staircase to the Ecumenical Temple.
  5344 | Temple   | Entered the Ecumenical Temple
  5530 | Temple   | Became a worshipper of Ashenzari the Shackled
  5704 | D:7      | Gained mutation: You are robust. (+10% HP) [potion of
                  | mutation]
  5704 | D:7      | Gained mutation: You have a pair of small horns on your
                  | head. [potion of mutation]
  6546 | D:8      | Found a staircase to the Lair.
  6567 | D:8      | Reached * piety under Ashenzari
  6787 | D:8      | Found a burning altar of Makhleb.
  6881 | D:8      | Reached skill level 5 in Stealth
  6951 | D:8      | Noticed Erica
  7006 | D:8      | Killed Erica
  7007 | D:8      | Reached skill level 1 in Fighting
  7007 | D:8      | Reached skill level 1 in Armour
  7007 | D:8      | Reached skill level 10 in Hexes
  7007 | D:8      | Reached skill level 1 in Evocations
  7228 | D:9      | Noticed a kobold demonologist
  7232 | D:9      | Noticed an ice devil
  7258 | D:9      | Noticed Joseph
  7271 | D:9      | Killed Joseph
  7272 | D:9      | Reached XP level 10. HP: 45/62 MP: 8/17
  7412 | D:9      | HP: 2/63 [yak (15)]
  7679 | D:9      | Found a staircase to the Orcish Mines.
  7736 | D:9      | Reached ** piety under Ashenzari
  8016 | D:10     | Entered Level 10 of the Dungeon
  8016 | D:10     | Noticed Nergalle
  8036 | D:10     | Killed Nergalle
  8074 | D:10     | Found an iron altar of Okawaru.
  8120 | D:10     | Reached skill level 11 in Hexes
  8186 | D:10     | Noticed a six-headed hydra
  8315 | D:10     | Reached skill level 5 in Dodging
  8316 | D:10     | Reached XP level 11. HP: 70/70 MP: 17/19
  8316 | D:10     | Reached skill level 5 in Spellcasting
  8316 | D:10     | Reached skill level 12 in Hexes
  8316 | D:10     | Reached XP level 12. HP: 78/78 MP: 17/22
  8392 | D:10     | Noticed Grum
  8410 | D:10     | Killed Grum
  8411 | D:10     | Reached skill level 5 in Fighting
  8417 | D:10     | Reached skill level 5 in Evocations
  8458 | D:10     | Found a flagged portal.
  8497 | Bailey   | Entered a bailey
  8862 | Bailey   | Found the +1 cloak of Starlight {*Dazzle EV+4 Stlth--}
  8887 | Bailey   | Reached skill level 10 in Stealth
  9043 | D:10     | Learned a level 3 spell: Swiftness
  9052 | D:10     | Learned a level 8 spell: Discord
  9669 | D:10     | Killed a six-headed hydra
  9992 | D:11     | Noticed a two-headed ogre
  9996 | D:11     | Killed a two-headed ogre
 10039 | D:11     | Identified a scroll of acquirement
 10048 | D:11     | Acquired the ring "Inalaarghu" {Fly rF+ Will+ Stlth-}
 10257 | D:11     | Found Fahuats's Weapon Shoppe.
 10442 | D:11     | Noticed a two-headed ogre
 10444 | D:11     | Killed a two-headed ogre
 10453 | D:11     | Reached skill level 13 in Hexes
 10490 | D:11     | Noticed a four-headed hydra
 10493 | D:11     | Killed a four-headed hydra
 10938 | D:12     | Reached XP level 13. HP: 89/89 MP: 21/26
 10971 | D:12     | Found a gate leading to a gauntlet.
 10998 | D:12     | Gained mutation: You are weak. (Str -2) [mutagenic glow]
 11025 | Gauntlet | Entered a Gauntlet
 11025 | Gauntlet | Found a transporter.
 11025 | Gauntlet | Found a large runed translucent door.
 11025 | Gauntlet | Found a large runed translucent door.
 11025 | Gauntlet | Found a large runed translucent door.
 11025 | Gauntlet | Found a large runed translucent door.
 11025 | Gauntlet | Found a runed translucent door.
 11025 | Gauntlet | Found a runed translucent door.
 11025 | Gauntlet | Found a large runed translucent door.
 11025 | Gauntlet | Found a large runed translucent door.
 11025 | Gauntlet | Found a large runed translucent door.
 11025 | Gauntlet | Found a large runed translucent door.
 11025 | Gauntlet | Found a large runed translucent door.
 11025 | Gauntlet | Found a large runed translucent door.
 11026 | Gauntlet | Found a large runed translucent door.
 11026 | Gauntlet | Found a large runed translucent door.
 11038 | Gauntlet | Found a transporter.
 11039 | Gauntlet | Identified the ring "Homn" {rPois rF+ Slay+4}
 11049 | Gauntlet | Found a transporter.
 11052 | Gauntlet | Identified the +1 helmet "Gepeono" {rC+ Will+}
 11054 | Gauntlet | Found a transporter.
 11069 | Gauntlet | Found a transporter.
 11085 | Gauntlet | Identified the +1 hat of the Orb {Int+3}
 11088 | Gauntlet | Found a transporter.
 11100 | Gauntlet | Found a transporter.
 11112 | Gauntlet | Found a transporter.
 11118 | Gauntlet | Found a transporter.
 11118 | Gauntlet | Found a transporter.
 11133 | Gauntlet | Found a transporter.
 11139 | Gauntlet | Found a transporter.
 11154 | Gauntlet | Found a transporter.
 11160 | Gauntlet | Found a transporter.
 11165 | Gauntlet | Identified the +0 pair of gloves of the Gardener {-Cast
                  | rPois rC+ rN+++}
 11199 | Gauntlet | Found a transporter.
 11218 | Gauntlet | Found a large runed translucent door.
 11218 | Gauntlet | Found a large runed translucent door.
 11222 | Gauntlet | Found a runed translucent gate.
 11222 | Gauntlet | Found a runed translucent gate.
 11222 | Gauntlet | Found a runed translucent gate.
 11224 | Gauntlet | Found a transporter.
 11238 | Gauntlet | Found a large runed translucent door.
 11239 | Gauntlet | Found a large runed translucent door.
 11252 | Gauntlet | Found a transporter.
 11279 | Gauntlet | Noticed an entropy weaver
 11989 | Gauntlet | Slain by an entropy weaver

Illustrated notes

Levels and vault maps discovered:
D:1:      dpeg_arrival_court, layout_basic
D:2:      layout_loops_corners, shapermc_ecumenical_altar_rom_forum,
          serial_shops, nicolae_diamond_shop, minmay_indecisive_spiral
D:3:      layout_rooms, uniq_grinder
D:4:      layout_rooms, portal_sewer_entry_b, amcnicky_mini_corridor_feature,
          minmay_manual_mess
D:5:      layout_rooms, nicolae_yredelemnul_ghost_church
D:6:      cheibrodos_steamvent, layout_gridville
D:7:      layout_basic, minmay_temple_entry_trees
D:8:      layout_layer_cave, makhleb_blood_cavern_becter,
          mainiacjoe_overflow_catwalk, dpeg_oklobed_lair, uniq_erica
D:9:      layout_roguey, orc_0_dummy, kennysheep_cross_room,
          kennysheep_generic_room_9, uniq_joseph
D:10:     layout_roguey, amcnicky_altar_gilded, enter_bailey_8, serial_glass,
          glass_columns_c, glass_columns_b, kennysheep_windowed_goal,
          uniq_nergalle, uniq_grum
D:11:     layout_basic, serial_shops, nicolae_stop_n_shop_2,
          minmay_increasing_density
D:12:     layout_loops_ring, serial_shops, shop, gauntlet_entry_generic
Temple:   dpeg_five_rooms_temple
Gauntlet: gammafunk_gauntlet_one_two_three
          [minmay_gauntlet_arena_make_your_own_arena,
          gammafunk_gauntlet_arena_crates,
          gammafunk_gauntlet_arena_split_diamond,
          gammafunk_gauntlet_arena_teeth, nicolae_gauntlet_arena_t_cross,
          nicolae_gauntlet_arena_x, nicolae_gauntlet_arena_grate_2,
          gammafunk_gauntlet_arena_arrow_garden,
          gammafunk_gauntlet_arena_spirals, gauntlet_exit_watery]

Skill      XL: |  1  2  3  4  5  6  7  8  9 10 11 12 13 |
---------------+----------------------------------------+-----
Hexes          | 5 6 9 10 11 12 13 | 13.8
Spellcasting   | 3 4 5 7 |  7.3
Short Blades   | 4 7 10 12 | 12.0
Stealth        | 6 8 9 11 12 | 12.0
Fighting       | 2 3 4 6 |  6.5
Armour         | 1 3 4 |  4.3
Dodging        | 3 5 6 8 |  8.3
Evocations     | 2 3 4 6 |  6.6

Action                   |  1- 3 |  4- 6 |  7- 9 | 10-12 | 13-15 || total
-------------------------+-------+-------+-------+-------+-------++-------
Melee: Dagger            |   122 |    43 |       |   151 |   149 ||   465
       Bite              |     5 |    12 |    12 |    18 |    15 ||    62
       Short sword       |       |   126 |   180 |    38 |       ||   344
       Headbutt          |       |       |    10 |    21 |    25 ||    56
Throw: Dart              |       |       |       |     1 |       ||     1
 Cast: Ensorcelled Hiber |    21 |    34 |    69 |    74 |    12 ||   210
       Confusing Touch   |       |     2 |     5 |     4 |     1 ||    12
       Cause Fear        |       |       |     2 |     1 |       ||     3
       Tukima's Dance    |       |       |     1 |    22 |       ||    23
       Swiftness         |       |       |       |     2 |       ||     2
Invok: Curse Item        |       |       |     2 |     3 |       ||     5
       Shatter the Chain |       |       |       |     1 |       ||     1
 Abil: Exsanguinate      |     1 |     1 |     1 |       |       ||     3
       Bat Form          |       |     1 |     1 |       |       ||     2
       Revivify          |       |     1 |     1 |       |       ||     2
Evoke: Wand              |       |       |       |     7 |     5 ||    12
       Phial of floods   |       |       |       |     1 |       ||     1
  Use: Scroll            |       |     6 |     4 |     4 |       ||    14
       Potion            |       |       |     1 |     3 |     1 ||     5
 Stab: Sleeping          |    23 |    27 |    46 |    60 |     6 ||   162
       Confused          |       |     4 |     7 |     4 |     1 ||    16
       Invisible         |       |       |       |       |    13 ||    13
       Distracted        |       |       |       |       |     1 ||     1
Armor: Robe              |    13 |    32 |    19 |    36 |    14 ||   114
Dodge: Dodged            |    59 |   147 |    89 |   185 |   104 ||   584
       Repelled          |       |       |     1 |       |       ||     1

Table legend: (Time is in decaauts)
 A = Elapsed time spent in this place.
 B = Non-inter-level travel time spent in this place.
 C = Inter-level travel time spent in this place.
 D = Time resting spent in this place.
 E = Time spent auto-exploring this place.
 F = Levels seen in this place.
 G = Mean time per level.
                   A        B        C        D        E       F      G
               +--------+--------+--------+--------+--------+-----+--------+
         Total |  11820 |  11212 |    608 |   1374 |   6163 |  16 |  738.8 |
       Dungeon |   9781 |   9206 |    575 |   1010 |   5350 |  12 |  815.1 |
        Temple |    219 |    186 |     33 |      0 |    169 |   1 |  219.0 |
         Sewer |    417 |    417 |      0 |      0 |    204 |   1 |  417.0 |
        Bailey |    499 |    499 |      0 |     62 |    163 |   1 |  499.0 |
      Gauntlet |    903 |    903 |      0 |    302 |    276 |   1 |  903.0 |
               +--------+--------+--------+--------+--------+-----+--------+

Top non-repeatable levels by time:
    D:10: 1215 daAuts
     D:2: 1075 daAuts
     D:8: 1053 daAuts
    D:11: 954 daAuts
Gauntlet: 903 daAuts
     D:1: 902 daAuts
     D:6: 868 daAuts
     D:5: 762 daAuts
     D:9: 761 daAuts
     D:3: 651 daAuts
     D:7: 647 daAuts
     D:4: 616 daAuts
  Bailey: 499 daAuts
   Sewer: 417 daAuts
    D:12: 270 daAuts
